[Event "Team 45 45 League T44"]
[Site "Internet Chess Club"]
[Date "2010.02.08"]
[Round "1"]
[White "jpitt"]
[Black "searchforbobby1"]
[Result "1-0"]
[WhiteElo "2415"]
[BlackElo "2235"]
[Opening "Catalan: closed, 5.Nf3"]
[ECO "E06"]
[Time "21:04:53"]
[TimeControl "2700+45"]

1. d4 d5 2. c4 e6 3. Nf3 Nf6 4. g3 Be7 5. Bg2 O-O 6. O-O dxc4 7. Qc2 a6 8. a4
Bd7 9. Rd1 Bc6 10. Nc3 Nbd7 11. e4 b5 12. d5 exd5 13. e5 Ne4 14. Nxd5 Bxd5 15.
Rxd5 Nec5 16. axb5 Qe8 17. Ng5 g6 18. bxa6 Rxa6 19. Rxa6 Nxa6 20. Ra5 Nac5 21.
Ne4 Nxe4 22. Qxe4 Nb6 23. Bh6 Bb4 24. Ra7 f5 25. exf6 Qxe4 26. Bxe4 Rxf6 27.
Rxc7 Bf8 28. Be3 Re6 29. Bc6 Bd6 30. Rb7 Rxe3 31. fxe3 Bc5 32. Kf2 {Black
resigns} 1-0

[Event "Team 45 45 League T44"]
[Site "Internet Chess Club"]
[Date "2010.02.06"]
[Round "1"]
[White "nardz"]
[Black "blackswood"]
[Result "1-0"]
[WhiteElo "2136"]
[BlackElo "1963"]
[Opening "Trompowsky attack (Ruth, Opocenský opening)"]
[ECO "A45"]
[Time "21:00:18"]
[TimeControl "2700+45"]

1. d4 Nf6 2. Bg5 Ne4 3. Bf4 c5 4. f3 Qa5+ 5. c3 Nf6 6. Nd2 cxd4 7. Nb3 Qf5 8.
Bxb8 Rxb8 9. Qxd4 b6 10. e4 Qg6 11. e5 Ng8 12. Nh3 e6 13. Nf4 Qh6 14. Bd3 Ne7
15. Nh3 Nc6 16. Qe4 Bb7 17. Qe2 Qh4+ 18. Kd1 Be7 19. Kc2 O-O 20. Rad1 d6 21. f4
dxe5 22. fxe5 Rbd8 23. Ng1 Rd5 24. Nf3 Qf4 25. g3 Qa4 26. h4 h6 27. h5 Rc8 28.
Kb1 Na5 29. Nbd4 Nc4 30. Bc2 Qd7 31. Qe4 f5 32. exf6 Rf5 33. Nxf5 Qxd1+ 34. Rxd1
Bxe4 35. Nxe7+ {Black resigns} 1-0

[Event "Team 45 45 League T44"]
[Site "Internet Chess Club"]
[Date "2010.02.07"]
[Round "1"]
[White "cerassee"]
[Black "Gwyddbwyll"]
[Result "1/2-1/2"]
[WhiteElo "2060"]
[BlackElo "1887"]
[Opening "QGD: Tarrasch, Réti variation"]
[ECO "D30"]
[Time "16:48:38"]
[TimeControl "2700+45"]

1. d4 d5 2. c4 e6 3. Nf3 c5 4. cxd5 exd5 5. g3 Nc6 6. Bg2 Nf6 7. O-O Be7 8. Nc3
O-O 9. dxc5 Bxc5 10. Na4 Be7 11. Be3 Bf5 12. Rc1 Rc8 13. Nd4 Nxd4 14. Qxd4 b6
15. Rxc8 Bxc8 16. Rd1 Bb7 17. Nc3 Bc5 18. Qd2 Bxe3 19. Qxe3 Re8 20. Qd4 Qb8 21.
e3 Re5 22. Qf4 Qe8 23. Nb5 Ne4 24. Bxe4 Rxe4 25. Nd6 Rxf4 26. Nxe8 Ra4 27. Nd6
Bc6 28. a3 h6 29. Rc1 Bd7 30. Rc7 Be6 31. Nb5 g6 32. Nxa7 d4 33. exd4 Rxd4 34.
Nc6 Rd1+ 35. Kg2 Bd5+ 36. Kh3 Be6+ 37. Kg2 Bd5+ 38. Kh3 Be6+ 39. Kg2 Bd5+ {Game
drawn by repetition} 1/2-1/2

[Event "Team 45 45 League T44"]
[Site "Internet Chess Club"]
[Date "2010.02.04"]
[Round "1"]
[White "AugustoCaruso"]
[Black "Kolibri"]
[Result "1-0"]
[WhiteElo "2195"]
[BlackElo "2093"]
[Opening "Richter-Veresov attack, Richter variation"]
[ECO "D01"]
[Time "15:00:20"]
[TimeControl "2700+45"]

1. d4 Nf6 2. Nc3 d5 3. Bg5 Bf5 4. f3 h6 5. Bxf6 exf6 6. e4 Be6 7. Nge2 Bb4 8.
Qd3 c6 9. O-O-O Bd6 10. g3 Na6 11. f4 Nb4 12. Qe3 dxe4 13. Qxe4 f5 14. Qe3 O-O
15. a3 Nd5 16. Nxd5 Bxd5 17. Rg1 Re8 18. Qd2 Bf3 19. Qd3 Be4 20. Qd2 Qe7 21. Nc3
Bf3 22. Be2 Bxe2 23. Rde1 Qe3 24. Qxe3 Rxe3 25. Rxe2 Rxe2 26. Nxe2 Re8 27. Kd2
Re4 28. Kd3 c5 29. Rg2 h5 30. c4 cxd4 31. Nxd4 g6 32. b4 Re1 33. Nb5 Bb8 34. Re2
Rxe2 35. Kxe2 h4 36. c5 Kf8 37. Nd4 Bc7 38. a4 Ke7 39. c6 hxg3 40. hxg3 bxc6 41.
Nxc6+ Kd7 42. Nxa7 g5 43. Kf3 g4+ 44. Ke2 Bb6 45. Nb5 Kc6 46. Kd3 Kd5 47. a5 Bf2
48. a6 Kc6 49. a7 Kb7 50. Nd6+ Kxa7 51. Nxf5 Kb6 52. Ke2 Bg1 53. Kf1 {Black
resigns} 1-0

[Event "Team 45 45 League T44"]
[Site "Internet Chess Club"]
[Date "2010.02.06"]
[Round "1"]
[White "Monsoon-Smith"]
[Black "PandorasBox"]
[Result "1-0"]
[WhiteElo "1995"]
[BlackElo "2070"]
[Opening "Budapest: Adler variation"]
[ECO "A52"]
[Time "16:02:01"]
[TimeControl "2700+45"]

1. d4 Nf6 2. c4 e5 3. dxe5 Ng4 4. Nf3 d6 5. h3 Nxe5 6. Nxe5 dxe5 7. Qxd8+ Kxd8
8. Nc3 Be6 9. e4 Bb4 10. Bd2 c6 11. a3 Ba5 12. b4 Bc7 13. O-O-O Ke7 14. Be3 b6
15. Be2 Nd7 16. g3 Rhd8 17. f4 f6 18. f5 Bf7 19. g4 Nf8 20. g5 Rxd1+ 21. Rxd1
Rd8 22. Rxd8 Bxd8 23. c5 Nd7 24. h4 bxc5 25. bxc5 Ba5 26. Kc2 Kd8 27. Bf2 Kc7
28. Nd1 Kb7 29. Nb2 Bd8 30. Be3 g6 31. Nc4 Be7 32. gxf6 Nxf6 33. Nxe5 Be8 34.
fxg6 hxg6 35. Bg5 Kc7 36. Kd3 Bd8 37. Kd4 Nd7 38. Bxd8+ {Black resigns} 1-0

[Event "Team 45 45 League T44"]
[Site "Internet Chess Club"]
[Date "2010.02.06"]
[Round "1"]
[White "izit"]
[Black "fledermaus"]
[Result "1/2-1/2"]
[WhiteElo "2214"]
[BlackElo "1930"]
[Opening "QGD: exchange, positional line"]
[ECO "D35"]
[Time "15:01:27"]
[TimeControl "2700+45"]

1. d4 d5 2. c4 e6 3. Nc3 Nf6 4. cxd5 exd5 5. Bg5 Be7 6. e3 c6 7. Bd3 Nbd7 8. Qc2
O-O 9. Nf3 Re8 10. O-O Nf8 11. h3 Ne4 12. Bf4 Nd6 13. b4 a6 14. a4 Be6 15. b5
cxb5 16. axb5 a5 17. Rfc1 g6 18. Na4 Rc8 19. Qe2 Nd7 20. Nc5 Qb6 21. Na4 Qa7 22.
Ng5 Bf5 23. Bxf5 Nxf5 24. Qf3 Nf6 25. g4 Rxc1+ 26. Rxc1 Nxd4 27. exd4 Qxd4 28.
Nc3 h6 29. Rd1 Qc4 30. Nxf7 Kxf7 31. Bxh6 Kg8 32. Nxd5 Nxd5 33. Rxd5 a4 34. Rd7
a3 35. Rxe7 Rxe7 36. Qxa3 Re1+ 37. Kh2 Qc7+ 38. Kg2 Kh7 39. Be3 Rb1 40. Qf8 Qg7
41. Qxg7+ Kxg7 42. b6 Rd1 43. Bf4 Rb1 44. Bc7 Rb3 45. h4 Kf6 46. f3 Rb2+ 47. Kg3
Rb4 48. Bd8+ Kg7 49. g5 Kf7 50. f4 Rb3+ 51. Kg4 Rb1 52. f5 Rb4+ 53. Kg3 Rb3+ 54.
Kf4 Rb4+ 55. Kg3 Rb3+ 56. Kf4 Rb4+ {Game drawn by mutual agreement} 1/2-1/2

[Event "Team 45 45 League T44"]
[Site "Internet Chess Club"]
[Date "2010.02.07"]
[Round "1"]
[White "baumhauer"]
[Black "Gil-galad"]
[Result "0-1"]
[WhiteElo "1934"]
[BlackElo "2117"]
[Opening "Sicilian: dragon variation"]
[ECO "B70"]
[Time "04:30:13"]
[TimeControl "2700+45"]

1. e4 c5 2. Nf3 d6 3. d4 cxd4 4. Nxd4 Nf6 5. Nc3 g6 6. Bc4 Bg7 7. O-O O-O 8. Kh1
Nc6 9. Nde2 Bd7 10. f4 Qc8 11. a3 Rd8 12. Bd3 Bg4 13. Qe1 Na5 14. Rb1 Nc4 15. h3
Bxh3 16. Bxc4 Qxc4 17. gxh3 Nxe4 18. Nxe4 Qxe4+ 19. Kh2 Rac8 20. Nc3 Qxc2+ 21.
Bd2 e6 22. Rf2 Qf5 23. Rd1 d5 24. Rg2 h6 25. Qf1 d4 26. Ne2 Rc2 27. Ng3 Qd5 28.
Bc3 Rxg2+ 29. Qxg2 Qb3 30. Qe2 Kh7 31. Ne4 dxc3 32. Rxd8 cxb2 33. Nd2 Qc2 34.
Qf1 Bc3 35. Qb1 Qa4 36. Ne4 Bg7 37. h4 f5 38. Ng3 Qxf4 39. Rd7 Qxh4+ 40. Kg2 Qf6
41. Qf1 Qe5 42. Qf3 b1=Q {White resigns} 0-1

[Event "Team 45 45 League T44"]
[Site "Internet Chess Club"]
[Date "2010.02.06"]
[Round "1"]
[White "TimM"]
[Black "Checkmates"]
[Result "0-1"]
[WhiteElo "2260"]
[BlackElo "2383"]
[Opening "Sicilian: Taimanov (Bastrikov) variation"]
[ECO "B47"]
[Time "11:02:02"]
[TimeControl "2700+45"]

1. e4 c5 2. Nf3 e6 3. d4 cxd4 4. Nxd4 Nc6 5. Nc3 Qc7 6. Be2 a6 7. O-O Nf6 8. Kh1
Nxd4 9. Qxd4 Bc5 10. Qd3 b5 11. a3 Bb7 12. f4 h5 13. Be3 Ng4 14. Bd4 f6 15. Rad1
O-O-O 16. Bxc5 Qxc5 17. Qd4 Qxd4 18. Rxd4 Ne3 19. Rc1 g5 20. fxg5 fxg5 21. Nd1
Nxd1 22. Rcxd1 g4 23. c4 bxc4 24. Rxc4+ Kb8 25. e5 Rhf8 26. Kg1 Rf5 27. Rc5 Rc8
28. Rdc1 Rxe5 29. Rxe5 Rxc1+ 30. Kf2 Rc2 31. b4 h4 32. Re3 Rd2 33. Ke1 Rd4 34.
g3 h3 35. Bd3 Bf3 36. Kd2 Rd6 37. Re5 Ka7 38. Ke3 Rc6 39. Rc5 Rd6 40. Rc4 Kb6
41. a4 a5 42. Be2 Bxe2 43. Kxe2 Rc6 44. bxa5+ Kxa5 45. Rxg4 Rc2+ 46. Kf3 Rxh2
47. Rg7 Rd2 48. Rh7 Rd3+ 49. Kf4 Kxa4 50. Rxh3 d5 51. Rh6 Rd4+ 52. Ke3 Re4+ 53.
Kd3 e5 54. Re6 Kb4 55. g4 Rd4+ 56. Ke3 Rxg4 57. Rxe5 Kc4 58. Rh5 d4+ 59. Kd2
Rg2+ 60. Kd1 Kc3 61. Rc5+ Kd3 62. Kc1 Rg1+ 63. Kb2 Re1 64. Rh5 Kd2 65. Rh4 d3
66. Rh8 Re2 67. Kb1 Kd1 68. Rh3 Kd2 69. Rh8 Rf2 70. Rh7 Kd1 71. Rh8 Re2 72. Rh3
d2 73. Kb2 Re8 {White resigns} 0-1

[Event "Team 45 45 League T44"]
[Site "Internet Chess Club"]
[Date "2010.02.09"]
[Round "1"]
[White "sandham"]
[Black "ChatBanned"]
[Result "0-1"]
[WhiteElo "2071"]
[BlackElo "2307"]
[Opening "Sicilian: Kan, Polugaievsky variation"]
[ECO "B42"]
[Time "02:00:09"]
[TimeControl "2700+45"]

1. e4 c5 2. Nf3 e6 3. d4 cxd4 4. Nxd4 a6 5. Bd3 Bc5 6. c3 Nc6 7. Be3 Qb6 8. Nd2
Nxd4 9. Nc4 Qc7 10. cxd4 Bb4+ 11. Bd2 Bxd2+ 12. Qxd2 b5 13. Qa5 Kd8 14. Qxc7+
Kxc7 15. Ne5 Nh6 16. a4 d6 17. Rc1+ Kb7 18. Nc6 Bd7 19. axb5 axb5 20. Bxb5 Kb6
21. d5 Kxb5 22. O-O Rhc8 23. Nd4+ Kb6 24. dxe6 Rxc1 25. Rxc1 fxe6 26. h3 Nf7 27.
f3 Ne5 28. Kh2 Ra4 29. Rd1 Ra2 30. Nxe6 Nc4 31. Nxg7 Rxb2 32. e5 Bc6 33. exd6
Bxf3 34. Rg1 Nxd6 35. Ne6 Ba8 36. h4 Bb7 37. Kg3 Rb4 38. Nf4 Nf5+ 39. Kg4 Nxh4
40. Kxh4 Rxf4+ 41. Kg5 Rb4 42. g4 Be4 43. Kf6 Kc5 44. g5 Bg6 45. Rd1 Rd4 46. Ra1
Kd5 47. Re1 Rf4+ 48. Kg7 Re4 49. Ra1 Ke5 50. Ra5+ Kf4 51. Kh6 Re5 52. Ra4+ Be4
53. Kh5 Rxg5+ 54. Kh6 Rg1 {White resigns} 0-1

[Event "Team 45 45 League T44"]
[Site "Internet Chess Club"]
[Date "2010.02.07"]
[Round "1"]
[White "Oops"]
[Black "Zumbi"]
[Result "1/2-1/2"]
[WhiteElo "2097"]
[BlackElo "2048"]
[Opening "Sicilian: closed, 2...Nc6"]
[ECO "B23"]
[Time "18:00:10"]
[TimeControl "2700+45"]

1. e4 c5 2. Nc3 Nc6 3. Bb5 Nd4 4. Bc4 e6 5. Nge2 Nf6 6. O-O a6 7. d3 b5 8. Bb3
Nxb3 9. axb3 Bb7 10. Bg5 Be7 11. e5 Nd5 12. Bxe7 Qxe7 13. Nxd5 Bxd5 14. Nc3 Bc6
15. Qe2 O-O 16. Ne4 Bxe4 17. Qxe4 d5 18. exd6 Qxd6 19. Ra5 Rab8 20. Rfa1 Rb6 21.
g3 f5 {Game drawn by mutual agreement} 1/2-1/2

[Event "Team 45 45 League T44"]
[Site "Internet Chess Club"]
[Date "2010.02.07"]
[Round "1"]
[White "Ptzz"]
[Black "Reztap108"]
[Result "1-0"]
[WhiteElo "2062"]
[BlackElo "2075"]
[Opening "Nimzo-Indian: classical, 4...c5"]
[ECO "E38"]
[Time "09:00:10"]
[TimeControl "2700+45"]

1. d4 Nf6 2. c4 e6 3. Nc3 Bb4 4. Qc2 c5 5. dxc5 Bxc5 6. Nf3 O-O 7. Bg5 Nc6 8.
Rd1 h6 9. Bh4 g5 10. Bg3 d5 11. cxd5 exd5 12. e3 Qa5 13. Be2 Be6 14. O-O a6 15.
h4 g4 16. Ne5 Nh5 17. Nxg4 Bxg4 18. Bxg4 Nxg3 19. fxg3 Bxe3+ 20. Kh2 d4 21. Ne4
f5 22. Qb3+ Kh8 23. Qxb7 fxg4 24. Qxc6 Qb5 25. Rf6 Qxc6 26. Rxc6 Rfc8 27. Rd6
Rc7 28. Nf6 Rg7 29. Nd5 Rb7 30. b3 Re8 31. Nf6 Ra8 32. Nxg4 a5 33. Nxe3 dxe3 34.
Rxh6+ {Black resigns} 1-0

[Event "Team 45 45 League T44"]
[Site "Internet Chess Club"]
[Date "2010.02.08"]
[Round "1"]
[White "andretta"]
[Black "deepbloopers"]
[Result "1-0"]
[WhiteElo "2368"]
[BlackElo "2175"]
[Opening "King's Indian: Sämisch, 5...O-O"]
[ECO "E81"]
[Time "20:00:14"]
[TimeControl "2700+45"]

1. d4 Nf6 2. c4 g6 3. Nc3 Bg7 4. e4 d6 5. f3 O-O 6. Be3 c5 7. dxc5 dxc5 8. Qxd8
Rxd8 9. Bxc5 Nc6 10. Nge2 Nd7 11. Bf2 Nde5 12. Nf4 Bh6 13. Bg3 b6 14. Nfd5 e6
15. Rd1 Bb7 16. f4 exd5 17. cxd5 Ng4 18. Be2 Nf6 19. dxc6 Rxd1+ 20. Kxd1 Bxc6
21. Bf3 b5 22. Kc2 Rc8 23. Kb1 Rd8 24. Bh4 g5 25. fxg5 b4 26. gxh6 {Black
resigns} 1-0

[Event "Team 45 45 League T44"]
[Site "Internet Chess Club"]
[Date "2010.02.04"]
[Round "1"]
[White "jack25"]
[Black "Positron"]
[Result "0-1"]
[WhiteElo "1943"]
[BlackElo "2193"]
[Opening "QGD Slav defense"]
[ECO "D10"]
[Time "20:02:09"]
[TimeControl "2700+45"]

1. d4 d5 2. c4 c6 3. Nc3 Nf6 4. e3 g6 5. Nf3 Bg4 6. Bd3 Bg7 7. h3 Bxf3 8. Qxf3
O-O 9. O-O a6 10. cxd5 cxd5 11. b3 Nc6 12. Bb2 Rc8 13. Rac1 e6 14. Na4 Nb4 15.
Bb1 Nd7 16. Ba3 Qa5 17. Qe2 Rfe8 18. Qd2 Bf8 19. Rxc8 Rxc8 20. Rc1 Rxc1+ 21.
Qxc1 b5 22. Bxb4 Bxb4 23. Nb2 Ba3 24. Kf1 Bxb2 25. Qxb2 Qc7 26. g3 a5 27. b4
Qc4+ 28. Ke1 axb4 29. Bc2 Nb6 30. Qb3 Na4 31. Bd3 Qc1+ 32. Qd1 Qb2 33. Qb3 Qa1+
34. Kd2 Qg1 35. Qxb4 Qxf2+ 36. Be2 Nb6 37. Qxb5 Nc4+ 38. Kd1 Nxe3+ 39. Kc1 Qe1+
{White resigns} 0-1

[Event "Team 45 45 League T44"]
[Site "Internet Chess Club"]
[Date "2010.02.07"]
[Round "1"]
[White "xakelari"]
[Black "technika"]
[Result "1/2-1/2"]
[WhiteElo "2044"]
[BlackElo "1986"]
[Opening "Sicilian: closed, 2...Nc6"]
[ECO "B23"]
[Time "11:00:28"]
[TimeControl "2700+45"]

1. e4 c5 2. Nc3 Nc6 3. Bb5 Nd4 4. Bc4 e6 5. Nge2 Nf6 6. O-O a6 7. a4 d5 8. exd5
exd5 9. Ba2 Nxe2+ 10. Qxe2+ Be7 11. d3 Bg4 12. Qe5 Be6 13. Bf4 O-O 14. h3 Re8
15. Qc7 Qxc7 16. Bxc7 Rac8 17. Be5 Nd7 18. Bg3 Nf6 19. Be5 Nd7 {Game drawn by
mutual agreement} 1/2-1/2

[Event "Team 45 45 League T44"]
[Site "Internet Chess Club"]
[Date "2010.02.05"]
[Round "1"]
[White "BRAINWAVE"]
[Black "cesaralexander"]
[Result "1-0"]
[WhiteElo "1819"]
[BlackElo "1975"]
[Opening "Queen's pawn game"]
[ECO "D00"]
[Time "17:05:02"]
[TimeControl "2700+45"]

1. d4 d5 2. f4 Nf6 3. e3 c5 4. c3 Nc6 5. Bd3 Bg4 6. Nf3 e6 7. Nbd2 Qc7 8. O-O
cxd4 9. cxd4 Be7 10. a3 Rc8 11. Qe1 a6 12. b4 b5 13. Nb3 Bxf3 14. gxf3 Nd8 15.
Nc5 Qb6 16. Bd2 Nb7 17. Kh1 Nd6 18. Qg3 g6 19. Rae1 Nf5 20. Qg1 Nd6 21. e4 Nc4
22. Bc1 a5 23. f5 axb4 24. axb4 gxf5 25. exf5 Rg8 26. Qf2 Bxc5 27. dxc5 Qc6 28.
Qh4 Ke7 29. Bg5 Rxg5 30. Qxg5 Rg8 31. Qh4 Qc7 32. fxe6 fxe6 33. Rg1 Rxg1+ 34.
Rxg1 Ne5 35. Rg7+ Nf7 36. Bxh7 Qe5 37. Bg6 Qa1+ 38. Kg2 Qb2+ 39. Kh3 Kf8 40.
Rxf7+ Kg8 {Black resigns} 1-0

[Event "Team 45 45 League T44"]
[Site "Internet Chess Club"]
[Date "2010.02.08"]
[Round "1"]
[White "zeigmata"]
[Black "easycure"]
[Result "1/2-1/2"]
[WhiteElo "2368"]
[BlackElo "2397"]
[Opening "Sicilian: Taimanov (Bastrikov) variation"]
[ECO "B47"]
[Time "16:00:20"]
[TimeControl "2700+45"]

1. e4 c5 2. Nf3 e6 3. d4 cxd4 4. Nxd4 Nc6 5. Nc3 Qc7 6. Be2 a6 7. O-O Nf6 8. Be3
Bb4 9. Na4 O-O 10. Nxc6 bxc6 11. Nb6 Rb8 12. Nxc8 Rfxc8 13. Bxa6 Rf8 14. Bd3 Bd6
15. f4 e5 16. b3 exf4 17. Bd4 f3 18. e5 Bxe5 19. Bxe5 Qxe5 20. Qxf3 Rfe8 21. Qf4
Qc5+ 22. Kh1 Qc3 23. Qc4 Qe5 24. Qf4 Qc3 25. Qc4 Qa5 26. Qh4 Qe5 27. Qf4 Qxf4
28. Rxf4 Nd5 29. Rd4 Nf6 30. Kg1 d5 31. Rf4 Nd7 32. c4 Nc5 33. Rd1 Ne6 34. Rff1
d4 35. c5 Re7 36. Bc4 Rd8 37. Rfe1 Kf8 38. Re4 Nxc5 39. Rexd4 Rxd4 40. Rxd4 Ra7
41. Rd8+ Ke7 42. Rc8 Rxa2 43. Rxc6 Ra1+ {Game drawn by mutual agreement} 1/2-1/2

[Event "Team 45 45 League T44"]
[Site "Internet Chess Club"]
[Date "2010.02.07"]
[Round "1"]
[White "Ser-Enigma"]
[Black "pentti63"]
[Result "0-1"]
[WhiteElo "2127"]
[BlackElo "2229"]
[Opening "Caro-Kann: Tartakower (fantasy) variation"]
[ECO "B12"]
[Time "05:01:57"]
[TimeControl "2700+45"]

1. e4 c6 2. d4 d5 3. f3 e6 4. Nc3 Bb4 5. Ne2 Ne7 6. a3 Ba5 7. Bg5 O-O 8. Qd2 Nd7
9. Nc1 dxe4 10. b4 Bc7 11. Nxe4 a5 12. Rb1 f6 13. Be3 axb4 14. axb4 Nd5 15. Bc4
N7b6 16. Bb3 Nxe3 17. Qxe3 Nd5 18. Qf2 Bf4 19. Bxd5 exd5 20. Nd3 dxe4 21. Nxf4
exf3 22. gxf3 Re8+ 23. Kd2 Qd6 24. Nd3 Bf5 25. Rb2 Ra3 26. Re1 Rxe1 27. Nxe1
Qf4+ 28. Ke2 Qc1 29. Rb3 Rxb3 30. cxb3 Qb2+ 31. Kf1 Qxb3 32. Qd2 g5 33. Kf2 Kf7
34. Kg3 Qd5 35. Ng2 Qd6+ 36. f4 Be4 37. Ne1 h5 38. h4 Kg6 39. Qe3 Kf5 40. Nd3 b6
41. hxg5 fxg5 42. Ne5 Qh6 43. fxg5 Qxg5+ 44. Qxg5+ Kxg5 45. Nf7+ Kf6 46. Nd6 Bd3
47. Kf4 Ke6 48. Nc8 b5 49. Nb6 Bg6 50. Kg5 Be8 51. Kf4 Kd6 52. Na8 Bd7 53. Ke4
h4 54. Kf4 Bc8 55. Nb6 Bb7 56. Kg4 Kc7 57. Kxh4 Kxb6 58. Kg5 Kc7 59. Kf4 Kd6 60.
Ke3 Kd5 61. Kd3 Bc8 62. Kc3 Bf5 {White resigns} 0-1

[Event "Team 45 45 League T44"]
[Site "Internet Chess Club"]
[Date "2010.02.06"]
[Round "1"]
[White "NFork"]
[Black "jorobo"]
[Result "1/2-1/2"]
[WhiteElo "2277"]
[BlackElo "2149"]
[Opening "Ruy Lopez: closed, Pilnik variation"]
[ECO "C77"]
[Time "13:02:01"]
[TimeControl "2700+45"]

1. e4 e5 2. Nf3 Nc6 3. Bb5 a6 4. Ba4 Nf6 5. d3 b5 6. Bb3 Be7 7. O-O O-O 8. Re1
d6 9. c3 Na5 10. Bc2 c5 11. Nbd2 Re8 12. Nf1 Bf8 13. Bg5 h6 14. Bh4 g5 15. Bg3
Nh5 16. d4 cxd4 17. cxd4 Bg4 18. Ne3 Bxf3 19. Qxf3 Nxg3 20. hxg3 Nc6 21. Bb3 Ra7
22. Nf5 Nxd4 23. Nxd4 exd4 24. a4 b4 25. a5 Bg7 26. Qd3 Qb8 27. Bc4 Rc8 28. Ra4
Rc5 29. Qb3 Qc7 30. Rxb4 Bf6 31. Bxa6 Qxa5 32. Bc4 Rac7 33. Rf1 Kg7 34. Kh2 Qa8
35. Bd5 Qa6 36. Re1 d3 37. Rd1 Rc2 38. Ra4 Qc8 39. f3 d2 40. Qd3 Rxb2 41. Ra8
Rb8 42. Rxb8 Qxb8 43. Qxd2 Qd8 44. Ba2 Be5 45. Qf2 Qf6 46. Rf1 Bd4 47. Qd2 Rb7
48. e5 Bxe5 49. Rb1 Rxb1 50. Bxb1 Bc3 51. Qd3 Be5 52. Qh7+ Kf8 53. Kh3 Qg7 54.
Qf5 Qf6 55. Qh7 {Game drawn by mutual agreement} 1/2-1/2

[Event "Team 45 45 League T44"]
[Site "Internet Chess Club"]
[Date "2010.02.05"]
[Round "1"]
[White "TerryMalloy"]
[Black "shakkimestari"]
[Result "1/2-1/2"]
[WhiteElo "2035"]
[BlackElo "2003"]
[Opening "Sicilian: Alapin's variation (2.c3)"]
[ECO "B22"]
[Time "09:16:55"]
[TimeControl "2700+45"]

1. e4 c5 2. c3 Nf6 3. e5 Nd5 4. d4 cxd4 5. Nf3 Nc6 6. cxd4 d6 7. Bc4 dxe5 8.
Nxe5 e6 9. O-O Be7 10. Qf3 O-O 11. Rd1 Bf6 12. Nxc6 bxc6 13. Nc3 a5 14. Be3 Ba6
15. Bxa6 Rxa6 16. Rac1 Rb6 17. Na4 Rb4 18. b3 Qd6 19. Nc5 Rc8 20. Ne4 Qe7 21.
Nxf6+ Qxf6 22. Qxf6 gxf6 23. Bh6 f5 24. Rd3 Rb7 25. Rg3+ Kh8 26. Bg7+ Kg8 27.
Be5+ Kf8 28. Rg7 Ke7 29. Rxh7 a4 30. Rh3 axb3 31. axb3 Ra8 32. Kf1 Ra6 33. Ke1
Rb4 34. Rc2 f6 35. Rh7+ Ke8 36. Bd6 {Game drawn by mutual agreement} 1/2-1/2

[Event "Team 45 45 League T44"]
[Site "Internet Chess Club"]
[Date "2010.02.06"]
[Round "1"]
[White "f5"]
[Black "freestyle"]
[Result "1/2-1/2"]
[WhiteElo "2136"]
[BlackElo "2255"]
[Opening "Trompowsky attack (Ruth, Opocenský opening)"]
[ECO "A45"]
[Time "20:05:56"]
[TimeControl "2700+45"]

1. d4 Nf6 2. Bg5 d5 3. e3 c6 4. Bxf6 exf6 5. c4 dxc4 6. Bxc4 Bd6 7. Nc3 O-O 8.
Qc2 f5 9. Nge2 Nd7 10. Bd3 g6 11. h4 Nf6 12. O-O-O Be6 13. Kb1 Nd5 14. Nxd5 Bxd5
15. f3 Qa5 16. Nc3 Be6 17. h5 b5 18. e4 fxe4 19. Bxe4 b4 20. d5 cxd5 21. Nxd5 f5
22. Qc6 Rad8 23. Bc2 Qc5 24. Qxc5 Bxc5 25. Bb3 Kg7 26. hxg6 hxg6 {Game drawn by
mutual agreement} 1/2-1/2

[Event "Team 45 45 League T44"]
[Site "Internet Chess Club"]
[Date "2010.02.06"]
[Round "1"]
[White "egyptiantiger"]
[Black "chiiwen"]
[Result "0-1"]
[WhiteElo "2111"]
[BlackElo "2168"]
[Opening "QGD Slav: 4.Nc3"]
[ECO "D15"]
[Time "11:03:14"]
[TimeControl "2700+45"]

1. d4 d5 2. c4 c6 3. Nf3 Nf6 4. Nc3 a6 5. e3 b5 6. b3 Bg4 7. Be2 e6 8. O-O Bd6
9. h3 Bh5 10. Ne5 Bxe2 11. Qxe2 O-O 12. a3 Ne4 13. Bb2 f6 14. Nf3 f5 15. Ne5
Bxe5 16. dxe5 Nc5 17. b4 Nb3 18. Rad1 bxc4 19. f4 Nd7 20. Qf2 Rb8 21. g4 a5 22.
Ne2 axb4 23. axb4 Re8 24. gxf5 exf5 25. Bc3 Re6 26. Kh2 Ra8 27. Ng3 g6 28. Qg2
Kf7 29. Rg1 Qf8 30. e4 fxe4 31. Nxe4 Ke8 32. Nd6+ Kd8 33. Qg4 Rxd6 34. exd6 Qxd6
35. Qg5+ Kc7 36. b5 Ra2+ 37. Kg3 Nbc5 38. Rge1 Ra3 39. Rc1 d4 40. bxc6 Qxc6 41.
Qe7 dxc3 42. Rc2 h5 43. Kh2 Qd6 44. Qxd6+ Kxd6 45. Rg1 Nf8 46. Rg3 Ne4 47. Rg1
Rb3 48. Rgg2 Kd5 49. h4 Ne6 50. f5 gxf5 51. Ra2 N4c5 52. Raf2 f4 53. Kh1 Rb1+
54. Kh2 Nd3 55. Rc2 f3 56. Rg5+ Nxg5 {White resigns} 0-1

[Event "Team 45 45 League T44"]
[Site "Internet Chess Club"]
[Date "2010.02.06"]
[Round "1"]
[White "perikitosax"]
[Black "Paulkov"]
[Result "0-1"]
[WhiteElo "1914"]
[BlackElo "2088"]
[Opening "Benoni: classical with ...a6 and 10...Bg4"]
[ECO "A75"]
[Time "12:05:28"]
[TimeControl "2700+45"]

1. d4 Nf6 2. Nf3 c5 3. d5 d6 4. c4 g6 5. Nc3 Bg7 6. e4 O-O 7. Be2 e6 8. O-O exd5
9. cxd5 a6 10. a4 Bg4 11. Nd2 Bxe2 12. Qxe2 Nbd7 13. Nc4 Nb6 14. Ne3 Re8 15. a5
Nc8 16. Qd3 Nd7 17. Nc4 b5 18. axb6 Ncxb6 19. Na5 c4 20. Qg3 Nc5 21. Be3 Bxc3
22. bxc3 Nxe4 23. Qf3 Nxd5 24. Bd4 Rc8 25. Rfe1 f5 26. g3 Qd7 27. Reb1 Rc7 28.
Rb2 g5 29. Qh5 Qf7 30. Qxf7+ Kxf7 31. Rc1 g4 32. Kg2 Ng5 33. Rcb1 Nf3 34. Rb7
Nxd4 35. Rxc7+ Nxc7 36. cxd4 c3 37. Nc4 Nb5 38. Rc1 Rc8 39. Rxc3 Kg7 {White
resigns} 0-1

[Event "Team 45 45 League T44"]
[Site "Internet Chess Club"]
[Date "2010.02.08"]
[Round "1"]
[White "miazga"]
[Black "chess9793"]
[Result "1-0"]
[WhiteElo "2026"]
[BlackElo "1964"]
[Opening "Polish (Sokolsky) opening"]
[ECO "A00"]
[Time "22:04:10"]
[TimeControl "2700+45"]

1. b4 e5 2. Bb2 Bxb4 3. Bxe5 Nf6 4. a3 Be7 5. c4 Nc6 6. Bb2 O-O 7. Nf3 d5 8.
cxd5 Nxd5 9. e3 Bf6 10. d4 Re8 11. Be2 Bf5 12. O-O Qd6 13. Nc3 Nxc3 14. Bxc3
Rad8 15. Qb3 Bc8 16. Bc4 Qf8 17. Rfd1 a6 18. a4 g6 19. a5 Qg7 20. Bd5 Re7 21.
Rac1 Red7 22. Bxc6 bxc6 23. Bb4 Bb7 24. Bc5 Ba8 25. Qc4 Be7 26. Qxa6 Bxc5 27.
Rxc5 Rd5 28. Rdc1 Qf8 29. h3 f6 30. Qc4 Kg7 31. a6 Qd6 32. Rxd5 Qxd5 33. Qxd5
Rxd5 34. Rc5 Kf7 35. e4 Rxc5 36. dxc5 Ke6 37. g4 h6 38. Kf1 f5 39. gxf5+ gxf5
40. Nd4+ Ke5 41. exf5 h5 42. Ne6 Kd5 43. Nxc7+ Kxc5 44. Nxa8 Kb5 45. f6 Kxa6 46.
f7 c5 47. f8=Q c4 48. Qb8 Ka5 49. Nc7 Ka4 50. Qb5+ Ka3 51. Nd5 c3 52. Nxc3 h4
53. Ne4 Ka2 54. Nd2 Ka3 55. Qb3# {Black checkmated} 1-0

[Event "Team 45 45 League T44"]
[Site "Internet Chess Club"]
[Date "2010.02.07"]
[Round "1"]
[White "parrot9"]
[Black "Ivio"]
[Result "0-1"]
[WhiteElo "1746"]
[BlackElo "1804"]
[Opening "French: Rubinstein variation"]
[ECO "C03"]
[Time "09:03:20"]
[TimeControl "2700+45"]

1. e4 e6 2. d4 d5 3. Nd2 dxe4 4. Nxe4 Nd7 5. Nf3 Ngf6 6. Ng3 b6 7. Bd3 Bb7 8.
O-O c5 9. c3 Be7 10. Re1 O-O 11. Qe2 cxd4 12. Nxd4 Nc5 13. Bc2 Qd5 14. f3 Bd6
15. Be3 Nh5 16. Bf2 Nf4 17. Qf1 Ba6 18. Be4 Nxe4 19. fxe4 Qc4 20. Qxc4 Bxc4 21.
b3 Ba6 22. Rad1 Nd3 23. Re3 Nxf2 24. Kxf2 Rfd8 25. Ree1 Rac8 26. c4 Bc5 27. Ne2
e5 28. b4 Bxb4 29. Nf5 Bxe1+ 30. Rxe1 Kf8 31. Nc3 Bxc4 32. Ne3 Rd2+ 33. Kg3 Bxa2
34. Ncd5 Bxd5 35. exd5 Rc3 36. Kf3 Rxd5 {White resigns} 0-1